 Dungeon Crawl Stone Soup version 0.30-a0-726-gd89dcf765f (webtiles) character file.

Game seed: 11607808587469487092

82 Darius099 the Conjurer (level 4, 0/30 HPs)
             Began as a Human Conjurer on Jan 30, 2023.
             Slain by a gnoll
             ... wielding a +0 whip
              (2 damage)
             ... on level 2 of the Dungeon.
             The game lasted 00:05:26 (1909 turns).

Darius099 the Conjurer (Human Conjurer)             Turns: 1909, Time: 00:05:27

Health: 0/30       AC:  2    Str:  8    XL:     4   Next: 70%
Magic:  2/8        EV: 12    Int: 20    God:
Gold:   81         SH:  0    Dex: 11    Spells: 5/8 levels left

rFire   . . .      SeeInvis .    f - +0 long sword
rCold   . . .      Faith    .    d - orb {*channel}
rNeg    . . .      Spirit   .    a - +0 robe
rPois   .          Reflect  .    (no helmet)
rElec   .          Harm     .    (no cloak)
rCorr   .          Rampage  .    (no gloves)
Will    .....                    (no boots)
Stlth   ++                       (no amulet)
HPRegen 0.25/turn                (no ring)
MPRegen 0.11/turn                (no ring)

@: no status effects
A: no striking features
a: no special abilities


You were on level 2 of the Dungeon.
You visited 1 branch of the dungeon, and saw 2 of its levels.

You collected 81 gold pieces.

Inventory:

Hand Weapons
 f - a +0 long sword (weapon)
Missiles
 p - a throwing net
Armour
 a - a +0 robe (worn)
 d - an orb of energy (worn)
Scrolls
 e - 2 scrolls of identify {unknown}
 g - a scroll of silence {unknown}
 h - 2 scrolls of blinking {unknown}
 i - a scroll of fog {unknown}
 k - 4 scrolls of teleportation {unknown}
 n - a scroll of fear {unknown}
Potions
 b - 2 potions of magic
 c - a potion of invisibility {unknown}
 j - a potion of attraction {unknown}
 l - a potion of degeneration {unknown}
 m - 2 potions of curing {unknown}
 o - a potion of heal wounds {unknown}


   Skills:
 - Level 2.2 Dodging
 - Level 2.2 Stealth
 + Level 2.8 Spellcasting
 + Level 4.6 Conjurations
 + Level 1.6 Evocations


You had 5 spell levels left.
You knew the following spells:

 Your Spells              Type           Power      Damage    Failure   Level
a - Magic Dart            Conj           84%        1d7       2%          1
b - Searing Ray           Conj           42%        2d6       3%          2

Your spell library contained the following spells:

 Spells                   Type           Power      Damage    Failure   Level
 Beastly Appendage        Tmut           4%         N/A       14%         1
 Dazzling Flash           Conj/Hex       24%        N/A       17%         3
 Hailstorm                Conj/Ice       12%        3d5       17%         3
 Wereblood                Tmut           2%         N/A       22%         2
 Spider Form              Tmut/Pois      2%         N/A       41%         3
 Fulminant Prism          Conj/Hex       6%         3d7       50%         4
 Iskenderun's Mystic Bla  Conj/Tloc      12%        2d5       50%         4
 Ice Form                 Ice/Tmut       2%         N/A       82%         4
 Simulacrum               Ice/Necr       1%         N/A       100%        6


Dungeon Overview and Level Annotations

Branches:
Dungeon (2/15)

Altars:


Message History

Aiming: Magic Dart (safe; 2% risk of failure)
Press: ? - help, Shift-Dir - straight line, f/p - gnoll
Aim: a gnoll, wielding a +0 spear (heavily wounded, 100% to hit)
The magic dart hits the gnoll.
The gnoll is severely wounded.
The gnoll hits you from afar with a +0 spear!
Casting: Magic Dart (safe; 2% risk of failure)
Confirm with . or Enter, or press ? or * to list all spells.
Aiming: Searing Ray (safe; 3% risk of failure)
Press: ? - help, Shift-Dir - straight line, f - gnoll, p - gnoll
Aim: a gnoll, wielding a +0 whip (81% to hit)
The searing ray hits the gnoll.
You kill the gnoll!
The searing ray misses the gnoll. (Press . to maintain the ray.) Without enough magic to sustain it, your searing ray dissipates.
The gnoll attacks as you move away! The gnoll hits you with a +0 whip!
The gnoll attacks as you move away! The gnoll hits you with a +0 whip.
You slash the gnoll!
The gnoll is severely wounded.
The gnoll barely misses you.
You hit the gnoll but do no damage.
The gnoll is severely wounded.
The gnoll hits you with a +0 whip.
* * * LOW HITPOINT WARNING * * *
The gnoll misses you.
You closely miss the gnoll.
The gnoll is severely wounded.
The gnoll misses you.
You hit the gnoll but do no damage.
The gnoll is severely wounded.
The gnoll misses you. The gnoll barely misses you.
The gnoll attacks as you move away! The gnoll hits you with a +0 whip.
* * * LOW HITPOINT WARNING * * *
You hit the gnoll.
The gnoll is severely wounded.
The gnoll hits you with a +0 whip.
* * * LOW HITPOINT WARNING * * *
The gnoll hits you with a +0 whip.
You die...

###..###.# #.# #.....
#.†#.#.####.# #.....
##...)....#.### ###.....
###.#........#### #.......
#.####÷.÷.....## #.......
######.# #.........# #.......
...[...# #.#.......# ##.......
...)#### #....g....# ##........
....## ####'##.g@...####.........
.....# #......####.......##.[...#
.....###......#####.#######.....#
#.)#.##.........# #># #######
#.....#.........# ###
.#.#..#.###.....#
.#.#..#.###.....#
.#.####.#.#†....###
.#.##........)...<#


You could see 2 gnolls.

Vanquished Creatures
  2 gnolls (D:2)
  2 adders (D:2)
  A worm (D:2)
  A dart slug (D:1)
  2 ball pythons (D:1)
  4 bats (D:1)
  4 endoplasms
  A giant cockroach (D:2)
  3 hobgoblins (D:1)
  6 jackals (D:2)
  3 kobolds
  A quokka (D:1)
  7 frilled lizards
  A goblin (D:1)
  A rat (D:1)
39 creatures vanquished.

Notes
Turn   | Place    | Note
-------+----------+-------------------------------------------
     0 | D:1      | Darius099 the Human Conjurer began the quest for the Orb.
     0 | D:1      | Reached XP level 1. HP: 13/13 MP: 3/3
   203 | D:1      | Reached XP level 2. HP: 19/19 MP: 3/5
   687 | D:1      | Learned a level 2 spell: Searing Ray
   850 | D:1      | Reached XP level 3. HP: 24/24 MP: 2/6
  1342 | D:2      | Reached skill level 1 in Evocations
  1504 | D:2      | Reached XP level 4. HP: 30/30 MP: 1/7
  1909 | D:2      | Slain by a gnoll

Illustrated notes

Levels and vault maps discovered:
D:1:      dpeg_arrival_court, layout_loops_ring, nicolae_figureground_sparkle
D:2:      layout_basic

Skill      XL: |  1  2  3 |
---------------+----------+-----
Evocations     | 1 |  1.6
Dodging        | |  2.2
Stealth        | |  2.2
Spellcasting   | |  2.8
Conjurations   | |  4.6

Action                     |  1- 3 |  4- 6 || total
---------------------------+-------+-------++-------
  Melee: Unarmed           |     5 |       ||     5
         Long sword        |     1 |    12 ||    13
   Cast: Magic Dart        |    59 |    34 ||    93
         Searing Ray       |       |     1 ||     1
 Armour: Robe              |     7 |       ||     7
  Dodge: Dodged            |    18 |    17 ||    35

Table legend: (Time is in decaauts)
 A = Elapsed time spent in this place.
 B = Non-inter-level travel time spent in this place.
 C = Inter-level travel time spent in this place.
 D = Time resting spent in this place.
 E = Time spent auto-exploring this place.
 F = Levels seen in this place.
 G = Mean time per level.
                   A        B        C        D        E       F      G
               +--------+--------+--------+--------+--------+-----+--------+
         Total |   1913 |   1880 |     33 |    226 |   1229 |   2 |  956.5 |
       Dungeon |   1913 |   1880 |     33 |    226 |   1229 |   2 |  956.5 |
               +--------+--------+--------+--------+--------+-----+--------+

Top non-repeatable levels by time:
     D:1: 1184 daAuts
     D:2: 728 daAuts
